 Dungeon Crawl Stone Soup version 0.21.1-1-g345015f (webtiles) character file.

2489 loki93 the Gouger (level 9, -2/42 HPs)
             Began as a Felid Berserker on Feb 19, 2018.
             Was a High Priest of Trog.
             Killed from afar by an electric eel (7 damage)
             ... with a bolt of electricity
             ... on level 8 of the Dungeon.
             The game lasted 00:33:13 (7983 turns).

loki93 the Gouger (Felid Berserker)                 Turns: 7983, Time: 00:33:14

Health: -2/42      AC:  2    Str: 15    XL:     9   Next: 27%
Magic:  10/10      EV: 24    Int:  9    God:    Trog [*****.]
Gold:   81         SH:  0    Dex: 16    Spells: 8/8 levels left
                                        Lives:  0   Deaths: 2

rFire    . . .     SeeInvis +     - Unarmed
rCold    . . .     Gourm    .   (shield unavailable)
rNeg     + . .     Faith    .   (armour unavailable)
rPois    .         Spirit   .   (helmet unavailable)
rElec    .         Reflect  .   (cloak unavailable)
rCorr    .         Harm     .   (gloves unavailable)
MR       +....     Rnd*Rage +   (boots unavailable)
Stlth    ++........             (no amulet)
HPRegen  0.14/turn              r - ring of positive energy
MPRegen  0.12/turn              (no ring)

@: very slow
A: very small, no armour, no weapons or thrown items, stealth, claws 1, fangs 3,
see invisible, berserk 1, carnivore, speed 1, robust 1, shaggy fur 2, slow
metabolism 1, sharp paws
a: Berserk, Trog's Hand, Brothers in Arms, Burn Spellbooks, Renounce Religion


You were on level 8 of the Dungeon.
You worshipped Trog.
Trog was extremely pleased with you.
You were completely stuffed.

You visited 1 branch of the dungeon, and saw 8 of its levels.

You collected 297 gold pieces.
You spent 216 gold pieces at shops.

Inventory:

Jewellery
 e - an uncursed ring of fire
 r - a ring of positive energy (left paw)
Wands
 j - a wand of acid (13)
 s - a wand of flame (54)
 t - a wand of digging (25)
 u - a wand of clouds (3)
 w - a wand of iceblast (13)
Scrolls
 b - 2 scrolls of remove curse
 f - a scroll of fog {unknown}
 g - 4 scrolls of teleportation
 h - a scroll of amnesia {unknown}
 i - a scroll of fear {unknown}
 k - 3 scrolls of magic mapping
 l - a scroll of torment {unknown}
 m - 3 scrolls of immolation
 y - a scroll of identify
Potions
 a - a potion of resistance
 c - a potion of brilliance {unknown}
 n - a potion of haste {unknown}
 q - a potion of cancellation {unknown}
 v - a potion of magic
 x - a potion of agility {unknown}
 z - a potion of invisibility {unknown}
Comestibles
 d - 11 rations


   Skills:
 + Level 4.3 Fighting
 + Level 8.3 Dodging
 + Level 7.5 Stealth
 + Level 10.6 Unarmed Combat
 + Level 1.1 Evocations


You had 8 spell levels left.
You didn't know any spells.

Dungeon Overview and Level Annotations

Branches:
Dungeon (8/15)             Temple (0/1) D:4
   Lair: D:8-11

Altars:
Ashenzari
Dithmenos
Gozag
Kikubaaqudgha
Okawaru
Trog

Shops:
D:6 *


Innate Abilities, Weirdness & Mutations

You cannot wear armour.
You are incapable of wielding weapons or throwing items.
Your paws allow you to move quietly. (Stealth)
You have sharp claws.
You have razor-sharp teeth.
You have supernaturally acute eyesight. (SInv)
You are carnivorous and can eat meat at any time.
You cover ground quickly.
You are covered in thick fur. (AC +2)
You have a slow metabolism.
Your sharp claws are effective at attacking unaware monsters.
You tend to lose your temper in combat.
You are robust. (+10% HP)


Message History

The orc priest completely misses you.
You completely miss the orc priest.
The two-headed ogre shouts in stereo!
You bite the orc priest, but do no damage.
The orc priest completely misses you.
Your unstable footing causes you to fumble your attack.
The orc wizard casts a spell at you. The puff of flame misses you.
The electric eel shoots out a bolt of lightning at you!
The bolt of electricity misses you. The orc priest completely misses you.
You hear an angry growl.
Your unstable footing causes you to fumble your attack.
You are engulfed in a cloud of scalding steam.
* * * LOW HITPOINT WARNING * * *
The orc wizard gestures at you while chanting.
The magic dart hits you!
* * * LOW HITPOINT WARNING * * *
The electric eel shoots out a bolt of lightning at you!
The bolt of electricity hits you!
You die...

##.###.# #.#.# #[#....#
#...# ########.###.#
#.### . .........# #.#
#.### ...........#
#.#######..<)
#.###.##.##
#[........###
#...#.##.####.#.#.###.#
#...............#.###.#
##.≈≈≈≈.≈@o≈≈..........#
...≈≈≈≈$≈§≈≈≈..###.#####
##.≈≈≈≈.≈§≈≈≈.## #.#
#.≈≈≈≈.o≈≈≈≈.# #<#
#.≈≈≈≈.o.....# #.#
....O....≈≈≈≈.# #.#
.#.≈≈≈≈≈.≈≈≈≈... ...
#.≈≈≈≈≈.≈;≈≈.## .##
.h≈≈≈≈≈.≈≈≈≈.# #.


You could see a two-headed ogre, an electric eel, an orc priest and 2 orc
wizards.

Vanquished Creatures
  Pikel (D:7)
  Sigmund (D:3)
  An orc warrior (D:7)
  An ice beast (D:6)
  Duvessa (D:6)
  2 phantoms
  A slave (D:7)
  4 ogres
  A centaur (D:6)
  2 bullfrogs (D:7)
  Dowan (D:6)
  2 scorpions
  4 killer bees (D:8)
  A crimson imp (D:5)
  6 hounds
  2 jellies (D:7)
  A centaur skeleton (D:5)
  An orc priest (D:5)
  2 bullfrog skeletons
  5 orc wizards
  Natasha (thrice) (D:4)
  2 iguanas
  4 worker ants
  A howler monkey zombie (D:5)
  A worker ant zombie (D:6)
  11 adders
  2 adder skeletons
  3 adder zombies
  3 worms
  A dart slug (D:5)
  8 leopard geckos
  17 orcs
  3 ball pythons
  10 bats
  4 giant cockroaches
  10 hobgoblins
  7 jackals (D:3)
  6 kobolds
  5 quokkas
  3 frilled lizards
  9 goblins
  A jackal skeleton (D:7)
  6 rats
160 creatures vanquished.

Vanquished Creatures (others)
  A quokka (D:7)
1 creature vanquished.

Grand Total: 161 creatures vanquished

Notes
Turn   | Place    | Note
-------+----------+-------------------------------------------
     0 | D:1      | loki93 the Felid Berserker began the quest for the Orb.
     0 | D:1      | Reached XP level 1. HP: 10/10 MP: 2/2
    60 | D:1      | Reached XP level 2. HP: 11/14 MP: 3/3
   319 | D:2      | Reached XP level 3. HP: 17/17 MP: 4/4
   391 | D:2      | Reached ** piety under Trog
   483 | D:2      | Reached skill level 1 in Stealth
  1760 | D:3      | Reached skill level 4 in Unarmed Combat
  1760 | D:3      | Reached XP level 4. HP: 16/21 MP: 5/5
  2584 | D:3      | Found a bloodstained altar of Trog.
  2635 | D:3      | Reached skill level 5 in Dodging
  2755 | D:3      | Noticed Sigmund
  2780 | D:3      | Killed Sigmund
  2780 | D:3      | Reached skill level 5 in Unarmed Combat
  2780 | D:3      | Reached XP level 5. HP: 18/24 MP: 6/6
  2780 | D:3      | Gained mutation: You are covered in thick fur. (AC +2) [Felid growth]
  2780 | D:3      | Reached XP level 6. HP: 21/28 MP: 7/7
  2993 | D:3      | Found an ancient bone altar of Kikubaaqudgha.
  2993 | D:3      | Found an opulent altar of Gozag.
  3048 | D:4      | Found a staircase to the Ecumenical Temple.
  3246 | D:4      | Reached *** piety under Trog
  3804 | D:4      | Noticed Natasha
  3826 | D:4      | Killed Natasha
  4034 | D:4      | Noticed Natasha
  4040 | D:4      | Killed Natasha
  4057 | D:4      | Noticed Natasha
  4081 | D:4      | Killed Natasha
  4134 | D:5      | Entered Level 5 of the Dungeon
  4161 | D:5      | Reached skill level 6 in Unarmed Combat
  4926 | D:5      | Reached XP level 7. HP: 11/31 MP: 8/8
  5224 | D:5      | Reached skill level 5 in Stealth
  5262 | D:5      | Slain by a hound
  5263 | D:5      | Reached XP level 6. HP: 0/28 MP: 7/7
  5288 | D:5      | HP: 1/28 [orc wizard/puff of frost (7)]
  5291 | D:5      | Slain by an orc wizard
  5292 | D:5      | Reached XP level 5. HP: -3/37 MP: 6/6
  5308 | D:5      | Reached XP level 6. HP: 28/28 MP: 7/7
  5530 | D:5      | Reached skill level 7 in Unarmed Combat
  5548 | D:5      | Gained mutation: You occasionally shout uncontrollably at your foes. [potion of mutation]
  5548 | D:5      | Gained mutation: Your muscles are strong. (Str +2) [potion of mutation]
  5548 | D:5      | Gained mutation: Your muscles are very strong. (Str +4) [potion of mutation]
  5550 | D:5      | Lost mutation: Your muscles are very strong. (Str +4) [potion of mutation]
  5550 | D:5      | Lost mutation: Your muscles are strong. (Str +2) [potion of mutation]
  5550 | D:5      | Gained mutation: Your thick and shaggy fur keeps you warm. (AC +3, rC+) [potion of mutation]
  5550 | D:5      | Gained mutation: Your mind is acute. (Int +2) [potion of mutation]
  6131 | D:5      | Reached XP level 7. HP: 32/32 MP: 8/8
  6145 | D:5      | Found a shadowy altar of Dithmenos.
  6258 | D:6      | Reached **** piety under Trog
  6289 | D:6      | Found Guset's General Store.
  6294 | D:6      | Noticed Dowan
  6297 | D:6      | Noticed Duvessa
  6298 | D:6      | Reached skill level 8 in Unarmed Combat
  6298 | D:6      | Reached skill level 1 in Evocations
  6323 | D:6      | Killed Dowan
  6337 | D:6      | Killed Duvessa
  6337 | D:6      | Reached XP level 8. HP: 13/36 MP: 9/9
  6345 | D:6      | HP: 1/36 [poisoned by Duvessa]
  6396 | D:6      | Lost mutation: Your mind is acute. (Int +2) [potion of mutation]
  6396 | D:6      | Lost mutation: Your thick and shaggy fur keeps you warm. (AC +3, rC+) [potion of mutation]
  6396 | D:6      | Lost mutation: You occasionally shout uncontrollably at your foes. [potion of mutation]
  6396 | D:6      | Gained mutation: Your flesh is heat resistant. (rF+) [potion of mutation]
  6396 | D:6      | Gained mutation: You possess an exceptional clarity of mind. [potion of mutation]
  6580 | D:6      | Bought a potion of resistance for 120 gold pieces
  6599 | D:6      | Bought a potion of mutation for 96 gold pieces
  6600 | D:6      | Lost mutation: You possess an exceptional clarity of mind. [potion of mutation]
  6600 | D:6      | Lost mutation: Your flesh is heat resistant. (rF+) [potion of mutation]
  6600 | D:6      | Gained mutation: You tend to lose your temper in combat. [potion of mutation]
  6600 | D:6      | Gained mutation: You are robust. (+10% HP) [potion of mutation]
  6679 | D:6      | Found a shattered altar of Ashenzari.
  6732 | D:6      | Reached skill level 9 in Unarmed Combat
  6994 | D:7      | Noticed Pikel
  7019 | D:7      | Killed Pikel
  7019 | D:7      | Reached skill level 10 in Unarmed Combat
  7080 | D:7      | Reached XP level 9. HP: 42/42 MP: 10/10
  7664 | D:8      | Reached ***** piety under Trog
  7945 | D:8      | Found an iron altar of Okawaru.
  7977 | D:8      | Noticed a two-headed ogre
  7983 | D:8      | Killed from afar by an electric eel

Skill      XL: |  1  2  3  4  5  6  7  8 |
---------------+-------------------------+-----
Stealth        | 1 3 6 5 7 |  7.5
Unarmed Combat | 4 5 7 8 10 | 10.6
Dodging        | 5 6 7 8 |  8.3
Fighting       | 4 |  4.3
Evocations     | 1 |  1.1

Action                   |  1- 3 |  4- 6 |  7- 9 || total
-------------------------+-------+-------+-------++-------
Melee: Unarmed           |    95 |   215 |   214 ||   524
       Bite              |     6 |    17 |    25 ||    48
       Punch             |     1 |     2 |     5 ||     8
Invok: Berserk           |       |     4 |     4 ||     8
       Trog's Hand       |       |     2 |     1 ||     3
       Burn Spellbooks   |       |       |     1 ||     1
Evoke: Wand              |       |     4 |     1 ||     5
  Use: Scroll            |     1 |     7 |     5 ||    13
       Potion            |       |     2 |     9 ||    11
 Stab: Sleeping          |     4 |     9 |     7 ||    20
       Distracted        |       |     2 |       ||     2
  Eat: Chunk             |     8 |    15 |     8 ||    31
Armor: Skin              |     8 |     6 |     9 ||    23
Dodge: Dodged            |    83 |   173 |   189 ||   445
